 Dungeon Crawl Stone Soup version 0.30.0-18-gc0e69614cb (webtiles) character file.

Game seed: 7605548353318178218

59 BlasphemerAmon the Magician (level 3, -5/24 HPs)
             Began as a Mummy Necromancer on May 25, 2023.
             Slain by a gnoll
             ... wielding a +0 whip
              (10 damage)
             ... on level 1 of the Dungeon.
             The game lasted 00:01:49 (1310 turns).

BlasphemerAmon the Magician (Mummy Necromancer)     Turns: 1310, Time: 00:01:50

Health: -5/24      AC:  2    Str: 11    XL:     3   Next: 78%
Magic:  2/9        EV: 12    Int: 16    God:
Gold:   75         SH:  0    Dex: 12    Spells: 11/12 levels left

rFire   x . .        (no weapon)
rCold   + . .        (no shield)
rNeg    + + +        a - +0 robe
rPois   ∞            (no helmet)
rElec   .            (no cloak)
rCorr   .            (no gloves)
SInv    .            (no boots)
Will    .....        b - amulet of the acrobat
Stlth   ++           (no ring)
HPRegen 0.24/turn    (no ring)
MPRegen 0.11/turn

%: acrobat, faith
@: no status effects
A: cold resistance 1, negative energy resistance 3, torment resistance 2, heat
vulnerability 1, in touch with death 1, no potions, faith
a: no special abilities


You were on level 1 of the Dungeon.
You visited 1 branch of the dungeon, and saw 2 of its levels.

You collected 75 gold pieces.

Inventory:

Armour
 a - a +0 robe (worn)
 c - a +0 cloak
   (You found it on level 1 of the Dungeon)
Jewellery
 b - an amulet of the acrobat (around neck)
   (You found it on level 1 of the Dungeon)
Scrolls
 d - a scroll of silence


   Skills:
 - Level 1.5 Dodging
 - Level 1.5 Stealth
 + Level 5.2 Spellcasting
 - Level 4.0 Necromancy


You had 11 spell levels left.
You knew the following spells:

 Your Spells              Type           Power      Damage    Failure   Level
a - Necrotise             Necr           100%       1d9       3%          1

Your spell library contained the following spells:

 Spells                   Type           Power      Damage    Failure   Level
 Vampiric Draining        Necr           25%        2d7       9%          3
 Animate Dead             Necr           25%        N/A       28%         4
 Agony                    Necr           25%        N/A       63%         5


Dungeon Overview and Level Annotations

Branches:
Dungeon (2/15)

Altars:


Innate Abilities, Weirdness & Mutations

You are immune to poison.
Your flesh is cold resistant. (rC+)
You are immune to negative energy. (rN+++)
You are immune to unholy pain and torment.
You are vulnerable to heat. (rF-)
You are in touch with the powers of death.
You do not drink.
You have a special connection with the divine. (Faith)


Message History

The gnoll moves out of view.
You can't see any susceptible monsters within range! (Use Z to cast anyway.)
You can't see any susceptible monsters within range! (Use Z to cast anyway.)
You can't see any susceptible monsters within range! (Use Z to cast anyway.)
Your bat skeleton hits the giant cockroach but does no damage.
The giant cockroach bites your bat skeleton.
Your bat skeleton hits the giant cockroach.
Your bat skeleton closely misses the giant cockroach.
Your bat skeleton hits the giant cockroach but does no damage.
Your bat skeleton completely misses the giant cockroach.
Your bat skeleton hits the giant cockroach but does no damage.
You feel a surge of power!
The giant cockroach writhes in agony.
Your bat skeleton hits the giant cockroach.
The giant cockroach dies!
You now have 8/9 mp.
You feel a surge of power!
The gnoll writhes in agony.
You now have 7/9 mp.
You can't see any susceptible monsters within range! (Use Z to cast anyway.)
You can't see any susceptible monsters within range! (Use Z to cast anyway.)
You can't see any susceptible monsters within range! (Use Z to cast anyway.)
Your bat skeleton barely misses the gnoll.
Your bat skeleton hits the gnoll but does no damage.
The gnoll hits your bat skeleton with a +0 flail.
Your bat skeleton is destroyed!
A gnoll comes into view. It is wielding a +0 whip.
You feel a surge of power!
The gnoll writhes in agony!
The gnoll shouts!
A gnoll comes into view. It is wielding a +0 whip.
You now have 6/9 mp.
You feel a surge of power!
The gnoll writhes in agony!
You kill the gnoll!
The dead are walking!
Your Spellcasting skill increases to level 5!
You now have 5/9 mp.
You can't see any susceptible monsters within range! (Use Z to cast anyway.)
You can't see any susceptible monsters within range! (Use Z to cast anyway.)
You can't see any susceptible monsters within range! (Use Z to cast anyway.)
Your gnoll skeleton barely misses the gnoll.
The gnoll hits your gnoll skeleton with a +0 whip!
Your gnoll skeleton hits the gnoll.
Your gnoll skeleton hits the gnoll.
You feel a surge of power!
The gnoll writhes in agony!
You now have 5/9 mp.
Found a scroll labelled WOEDWICWONE and an amethyst potion.
Found a stone staircase leading up.
Your gnoll skeleton hits the gnoll.
You feel a surge of power!
The gnoll writhes in agony.
You feel a surge of power!
The gnoll barely resists.
The gnoll hits you with a +0 whip.
You take 2 damage, and have 22/24 hp.
You now have 4/9 mp.
You feel a surge of power!
The gnoll barely resists.
The gnoll hits you with a +0 whip!
You take 6 damage, and have 16/24 hp.
MASSIVE DAMAGE!!
You now have 3/9 mp.
You feel a surge of power!
The gnoll writhes in agony.
Your gnoll skeleton hits the gnoll.
The gnoll hits you with a +0 whip.
You take 3 damage, and have 13/24 hp.
You now have 2/9 mp.
You feel a surge of power!
The gnoll writhes in agony!
You kill the gnoll!
The dead are walking!
You now have 1/9 mp.
Found a stone staircase leading down.
The gnoll misses you.
An endoplasm and an adder come into view.
Your gnoll skeleton hits the gnoll.
You see here a scroll labelled WOEDWICWONE.
Your gnoll skeleton hits the gnoll.
The endoplasm quivers.
The gnoll attacks as you move away! The gnoll hits you with a +0 whip.
A frilled lizard comes into view.
You take 4 damage, and have 10/24 hp.
You feel a surge of power!
The gnoll barely resists.
The gnoll hits your gnoll skeleton with a +0 club!
The gnoll closely misses you.
You now have 1/9 mp.
The adder hisses angrily.
The gnoll misses you. The endoplasm completely misses you.
There is a stone staircase leading up here.
Your gnoll skeleton hits the gnoll but does no damage.
The gnoll hits you with a +0 whip.
* * * LOW HITPOINT WARNING * * *
The endoplasm barely misses you.
You climb upwards.
There is a stone staircase leading down here.
You take 5 damage, and have 6/24 hp.
MASSIVE DAMAGE!!
The endoplasm attacks as you move away! The endoplasm closely misses you.
You see here a +0 dagger.
The gnoll attacks as you move away! The gnoll completely misses you.
The gnoll attacks as you move away! The gnoll barely misses you.
The gnoll misses you. The gnoll attacks as you move away!
The gnoll hits you with a +0 whip.
* * * LOW HITPOINT WARNING * * *
You take 4 damage, and have 5/24 hp.
The gnoll attacks as you move away! The gnoll misses you.
You are too injured to fight recklessly!
Casting: Necrotise (safe; 3% risk of failure)
Aiming: Necrotise (safe; 3% risk of failure)
Aim: a gnoll, wielding a +0 whip (moderately wounded, chance to affect: 88%)
You feel a surge of power!
The gnoll barely resists.
The gnoll completely misses you.
You now have 2/9 mp.
The gnoll attacks as you move away! The gnoll hits you with a +0 whip!
You die...

...#.........##......####..##.#
##........##.##.####..........#
#...#........#.# ############
#........##....#
#...#..#.#.....##
##...............#
................##
###.......#.....##
..#.>.....#.....@#
#.#.......#....Jg#
#.#.......#......#
#.#.......######.#
#.#...[>).######.#
#.##.####........#
..#.#.###.#####..#
...###.##.##.....#
###.#.###.##.##.##


You could see a gnoll and an endoplasm.

Vanquished Creatures
  2 gnolls (D:2)
  A dart slug (D:1)
  An endoplasm (D:1)
  7 hobgoblins (D:1 D:2)
  2 quokkas (D:1)
  6 ball pythons (D:1 D:2)
  5 bats (D:1 D:2)
  3 frilled lizards (D:1)
  2 goblins (D:1)
  4 kobolds (D:1)
  A rat (D:1)
34 creatures vanquished.

Vanquished Creatures (collateral kills)
  An endoplasm (D:1)
  A giant cockroach (D:2)
  A frilled lizard (D:1)
3 creatures vanquished.

Grand Total: 37 creatures vanquished

Notes
Turn   | Place    | Note
-------+----------+-------------------------------------------
     0 | D:1      | BlasphemerAmon the Mummy Necromancer began the quest for
                  | the Orb.
     0 | D:1      | Reached XP level 1. HP: 13/13 MP: 4/4
    60 | D:1      | Reached skill level 3 in Spellcasting
    75 | D:1      | HP: 6/13 [hobgoblin (2)]
    79 | D:1      | HP: 2/13 [hobgoblin (4)]
   157 | D:1      | Reached XP level 2. HP: 19/19 MP: 4/6
   365 | D:1      | Reached skill level 4 in Spellcasting
   726 | D:1      | Gained mutation: You are in touch with the powers of death.
                  | [Mummy growth]
   726 | D:1      | Reached XP level 3. HP: 22/24 MP: 6/8
  1270 | D:2      | Reached skill level 5 in Spellcasting
  1290 | D:2      | HP: 10/24 [gnoll/+0 whip (4)]
  1307 | D:1      | HP: 4/24 [gnoll/+0 whip (5)]
  1310 | D:1      | Slain by a gnoll

Illustrated notes

Levels and vault maps discovered:
D:1:      wander_arrival_estate, layout_loops_cross
D:2:      layout_rooms

Skill      XL: |  1  2  3 |
---------------+----------+-----
Spellcasting   | 3 4 5 |  5.2
Dodging        | |  1.5
Stealth        | |  1.5
Necromancy     | |  4.0

Action                     || total
---------------------------++-------
  Melee: Unarmed           ||    17
   Cast: Necrotise         ||    64
    Use: Scroll            ||     2
   Stab: Sleeping          ||     1
 Armour: Robe              ||     4
  Dodge: Dodged            ||    42

Levels and vault maps discovered:
D:1:      wander_arrival_estate, layout_loops_cross
D:2:      layout_rooms

Table legend: (Time is in decaauts)
 A = Elapsed time spent in this place.
 B = Non-inter-level travel time spent in this place.
 C = Inter-level travel time spent in this place.
 D = Time resting spent in this place.
 E = Time spent auto-exploring this place.
 F = Levels seen in this place.
 G = Mean time per level.
                   A        B        C        D        E       F      G
               +--------+--------+--------+--------+--------+-----+--------+
         Total |   1310 |   1270 |     40 |      0 |   1028 |   2 |  655.0 |
       Dungeon |   1310 |   1270 |     40 |      0 |   1028 |   2 |  655.0 |
               +--------+--------+--------+--------+--------+-----+--------+

Top non-repeatable levels by time:
     D:1: 1176 daAuts
     D:2: 133 daAuts

Table legend:
 A = Kills in this place as a percentage of kills in the entire game.
 B = Kills by you in this place as a percentage of kills by you in the entire game.
 C = Kills by friends in this place as a percentage of kills by friends in the entire game.
 D = Other kills in this place as a percentage of other kills in the entire game.
 E = Experience gained in this place as a percentage of experience gained in the entire game.
 F = Experience gained in this place divided by the number of levels of this place that you have seen.
                   A       B       C       D       E      F
               +-------+-------+-------+-------+-------+----------------------
         Total | 100.0 | 100.0 | 100.0 |   N/A | 100.0 |  42.5
       Dungeon | 100.0 | 100.0 | 100.0 |   N/A | 100.0 |  42.5
               +-------+-------+-------+-------+-------+----------------------
